 Dungeon Crawl Stone Soup version 0.26-a0-28-gc929df5585 (webtiles) character file.

Game seed: 9019832471152711565, levelgen mode: deterministic

300 Mrkan the Poker (level 6, 0/42 (48) HPs)
             Began as a Merfolk Gladiator on May 27, 2020.
             Was an Initiate of Yredelemnul.
             Slain by a wight
             ... wielding a +2 halberd
              (11 damage)
             ... on level 3 of the Dungeon.
             The game lasted 00:04:23 (3846 turns).

Mrkan the Poker (Merfolk Gladiator)                 Turns: 3846, Time: 00:04:23

HP:   0/42 (48)     AC:  5    Str: 15    XL:     6   Next: 36%
MP:   6/6           EV: 14    Int:  7    God:    Yredelemnul [......]
Gold: 204           SH:  0    Dex: 17    Spells: 5/5 levels left

rFire    . . .     SeeInvis .   a - +0 trident
rCold    . . .     Gourm    .   (no shield)
rNeg     . . .     Faith    .   b - +0 leather armour
rPois    .         Spirit   .   c - +0 helmet
rElec    .         Reflect  .   (no cloak)
rCorr    .         Harm     .   s - +0 pair of gloves
MR       .....                  (no boots)
Stlth    +.........             (no amulet)
HPRegen  0.14/turn              (no ring)
MPRegen  0.10/turn              (no ring)

@: drained
A: change form in water, swift swim, stealthy swim
a: Renounce Religion


You were on level 3 of the Dungeon.
You worshipped Yredelemnul.
Yredelemnul was noncommittal.
You were very hungry.

You visited 1 branch of the dungeon, and saw 3 of its levels.

You collected 204 gold pieces.

Inventory:

Hand Weapons
 a - a +0 trident (weapon)
Missiles
 d - 3 throwing nets (quivered)
 g - 4 curare-tipped darts
 w - a boomerang of dispersal
Armour
 b - a +0 leather armour (worn)
 c - a +0 helmet (worn)
 s - a +0 pair of gloves (worn)
 y - a +0 plate armour
Jewellery
 h - a cursed ring of wizardry {unknown}
 i - an uncursed ring of resist corrosion {unknown}
 n - a cursed ring of attention {unknown}
 p - an uncursed ring of see invisible {unknown}
 t - an uncursed amulet of magic regeneration {unknown}
Wands
 q - a wand of paralysis (6)
Scrolls
 j - 2 scrolls of identify {unknown}
 k - 3 scrolls of blinking {unknown}
 l - a scroll of immolation {unknown}
 m - 2 scrolls of fear {unknown}
 o - 2 scrolls of enchant armour {unknown}
 u - 3 scrolls of remove curse {unknown}
 v - a scroll of magic mapping {unknown}
 x - 3 scrolls of enchant weapon {unknown}
Potions
 e - a potion of haste {unknown}
 A - a potion of curing {unknown}
 B - a potion of brilliance {unknown}
Comestibles
 f - 9 rations


   Skills:
 + Level 4.0(2.9) Fighting
 * Level 7.6(6.4) Polearms
 - Level 2.0(1.0) Throwing
 + Level 5.5(4.4) Dodging
 + Level 1.1(0.2) Invocations


You had 5 spell levels left.
You didn't know any spells.
Your spell library was empty.

Dungeon Overview and Level Annotations

Branches:
Dungeon (3/15)

Altars:
Cheibriados
Elyvilon
Yredelemnul


Message History

You hit the wight but do no damage.
The wight is heavily damaged.
The wight misses you.
The wight hits you from afar with a +2 halberd.
You closely miss the wight.
The wight is heavily damaged.
The wight hits you with a +0 flail.
You feel drained.
You barely miss the wight.
The wight is heavily damaged.
The wight misses you. The wight completely misses you.
You hit the wight.
The wight is almost destroyed.
The wight hits you from afar with a +2 halberd!
* * * LOW HITPOINT WARNING * * *
The wight barely misses you.
You barely miss the wight.
The wight is almost destroyed.
The wight hits you from afar with a +2 halberd!
You die...
Your body rises from the dead as a mindless zombie.

###
#.##################
#......).>....).....
#.###############.(.
#.# #........# #.##
#.####......#.# #.#.
#.#.........#)# #.#.
#...........#.###.#.
###@#######.#.....#.
#z# #.#.....#.


.zz #.#.....#. ..... #......... ....... #....##... ####..... #....##... #####.[
#....##... ............. #####.. You could see 3 wights.

Vanquished Creatures
  A necrophage (D:3)
  2 wights (D:3)
  An orc priest (D:3)
  2 adders (D:2)
  A worm (D:2)
  2 dart slugs
  A leopard gecko (D:2)
  12 orcs
  5 giant cockroaches
  6 goblins
  4 hobgoblins
  A quokka (D:3)
  3 ball pythons
  5 bats
  3 frilled lizards (D:2)
  5 kobolds
  7 rats
61 creatures vanquished.

Notes
Turn   | Place    | Note
-------+----------+-------------------------------------------
     0 | D:1      | Mrkan the Merfolk Gladiator began the quest for the Orb.
     0 | D:1      | Reached XP level 1. HP: 16/16 MP: 1/1
   411 | D:1      | Reached XP level 2. HP: 19/23 MP: 2/2
   642 | D:1      | Reached skill level 5 in Polearms
  1108 | D:2      | Reached XP level 3. HP: 15/28 MP: 3/3
  2031 | D:2      | Found a snail-covered altar of Cheibriados.
  2067 | D:2      | Reached XP level 4. HP: 29/35 MP: 4/4
  2390 | D:3      | Noticed a necrophage
  2415 | D:3      | Killed a necrophage
  2415 | D:3      | Reached skill level 6 in Polearms
  2415 | D:3      | Reached skill level 5 in Dodging
  2415 | D:3      | Reached XP level 5. HP: 3/35 MP: 5/5
  2738 | D:3      | Found a white marble altar of Elyvilon.
  3284 | D:3      | Reached skill level 7 in Polearms
  3327 | D:3      | Found a basalt altar of Yredelemnul.
  3343 | D:3      | Became a worshipper of Yredelemnul the Dark
  3522 | D:3      | HP: 1/36 [wight/cursed +0 trident (3)]
  3524 | D:3      | Reached XP level 6. HP: 1/42 MP: 6/6
  3528 | D:3      | Reached skill level 1 in Invocations
  3846 | D:3      | Slain by a wight

Illustrated notes

Levels and vault maps discovered:
D:1:      grunt_arrival_lava_bath, layout_loops_ring
D:2:      layout_basic, nicolae_overflow_hidden_temple, first_ration
D:3:      layout_basic, kennysheep_ying_yang, minmay_cupped

Skill      XL: |  1  2  3  4  5  6 |
---------------+-------------------+-----
Polearms       | 5 6 7 |  7.6
Fighting       | 3 4 |  4.0
Dodging        | 5 |  5.5
Invocations    | 1 |  1.1
Throwing       | |  2.0

Action                   |  1- 3 |  4- 6 || total
-------------------------+-------+-------++-------
Melee: Trident           |   117 |   135 ||   252
  Use: Potion            |       |     1 ||     1
 Stab: Sleeping          |     2 |     1 ||     3
  Eat: Chunk             |     4 |     4 ||     8
Armor: Leather armour    |    41 |    24 ||    65
Dodge: Dodged            |   116 |   118 ||   234

Table legend:
 A = Non-vault XP
 B = Vault XP
 C = Vault XP percentage of total XP
 D = Non-vault monster count
 E = Vault monster count
 F = Vault count percentage of total count
                 A         B        C        D         E       F
            +---------+---------+-------+---------+---------+-------
      Total |     422 |       7 |   1.6 |      58 |       3 |   4.9
            +---------+---------+-------+---------+---------+-------
        D:1 |      24 |       0 |   0.0 |      16 |       0 |   0.0
        D:2 |      65 |       0 |   0.0 |      22 |       0 |   0.0
        D:3 |     333 |       7 |   2.1 |      20 |       3 |  13.0
            +---------+---------+-------+---------+---------+-------
